 Dungeon Crawl Stone Soup version 0.29-a0-409-gd843f3a48c (webtiles) character file.

Game seed: 186668406875529824

843 JosephDoom the Poker (level 7, -4/52 HPs)
             Began as a Demonspawn Wanderer on May 13, 2022.
             Slain by a yak (7 damage)
             ... on level 5 of the Dungeon.
             The game lasted 00:16:33 (4863 turns).

JosephDoom the Poker (Demonspawn Wanderer)          Turns: 4863, Time: 00:16:33

Health: -4/52      AC:  8    Str: 15    XL:     7   Next: 68%
Magic:  0/8        EV: 13    Int: 14    God:
Gold:   323        SH:  0    Dex: 11    Spells: 7/8 levels left

rFire   . . .      SeeInvis .   o - +2 trident (venom)
rCold   . . .      Faith    .   (no shield)
rNeg    . . .      Spirit   +   n - +0 scale mail {rPois}
rPois   +          Reflect  .   (no helmet)
rElec   .          Harm     .   (no cloak)
rCorr   .          Rampage  .   (no gloves)
Will    .....                   d - +0 pair of boots
Stlth   ..........              (no amulet)
HPRegen 0.17/turn               z - +4 ring of evasion
MPRegen 0.22/turn               (no ring)

@: attractive
A: magic shield, magic regeneration, weakness stinger 1
a: no special abilities


You were on level 5 of the Dungeon.
You visited 1 branch of the dungeon, and saw 5 of its levels.

You collected 323 gold pieces.

Inventory:

Hand Weapons
 a - a +0 club
 o - a +2 trident of venom (weapon)
 y - a +1 whip of electrocution
Missiles
 u - 2 boomerangs (quivered)
Armour
 c - a +0 ring mail
 d - a +0 pair of boots (worn)
 i - a +0 tower shield
 n - a +0 scale mail of poison resistance (worn)
Jewellery
 x - a +6 ring of intelligence
 z - a +4 ring of evasion (left hand)
Scrolls
 b - 4 scrolls of teleportation
 e - 3 scrolls of enchant armour {unknown}
 f - 3 scrolls of identify
 h - 2 scrolls of magic mapping {unknown}
 l - a scroll of amnesia {unknown}
 t - 2 scrolls of immolation {unknown}
 v - a scroll of silence {unknown}
 w - 2 scrolls of vulnerability {unknown}
 A - a scroll of blinking {unknown}
Potions
 g - a potion of cancellation {unknown}
 k - a potion of lignification {unknown}
 m - a potion of might {unknown}
 p - 3 potions of curing
 q - 2 potions of attraction
 r - 2 potions of mutation {unknown}
 s - 2 potions of flight {unknown}
 B - a potion of resistance {unknown}


   Skills:
 - Level 3.0 Fighting
 + Level 7.2 Polearms
 - Level 3.6 Armour
 - Level 1.0 Dodging
 - Level 1.0 Spellcasting
 - Level 1.0 Translocations
 - Level 1.9 Ice Magic
 - Level 1.2 Invocations


You had 7 spell levels left.
You knew the following spells:

 Your Spells              Type           Power      Damage    Failure   Level
a - Freeze                Ice            24%        1d5       41%         1

Your spell library contained the following spells:

 Spells                   Type           Power      Damage    Failure   Level
 Apportation              Tloc           6%         N/A       54%         1
 Sandblast                Erth           0%         2d4       67%         1
 Frozen Ramparts          Ice            12%        1d3       78%         3
 Passwall                 Tmut/Erth      0%         N/A       82%         2
 Sublimation of Blood     Necr           0%         N/A       82%         2
 Wereblood                Tmut           0%         N/A       82%         2
 Gell's Gravitas          Tloc           3%         N/A       88%         3
 Stone Arrow              Conj/Erth      0%         3d7       96%         3
 Ice Form                 Ice/Tmut       3%         N/A       100%        4
 Summon Hydra             Summ           0%         N/A       100%        7


Dungeon Overview and Level Annotations

Branches:
Dungeon (5/15)
 Temple: D:4-7

Altars:

Annotations:
D:4 3 runed translucent doors, skelma's ghost, amateur DsBe
D:5 1 transporter


Innate Abilities, Weirdness & Mutations

When hurt, damage is shared between your health and your magic reserves.
You regenerate magic rapidly.
You have a small tail.


Message History

The yak attacks as you move away! The yak gores you.
You barely miss the yak.
The yak is heavily wounded.
The yak barely misses you. The yak attacks as you move away! The yak gores you!
You are too injured to fight recklessly!
You hit the yak.
The yak looks even sicker.
The yak is severely wounded.
The yak gores you!
* * * LOW HITPOINT WARNING * * *
The yak snorts and paws the ground.
Items here: )))) [ ††.
The yak attacks as you move away! The yak closely misses you.
The yak attacks as you move away! The yak gores you.
* * * LOW HITPOINT WARNING * * *
It was a potion of attraction.
You feel attractive to monsters. The yak gores you.
Okay, then.
As you read the scroll of summoning, it crumbles to dust.
Wisps of shadow whirl around you... The yak gores you!
* * * LOW HITPOINT WARNING * * *
You swap places.
The yak gores your ice beast!
Your ice beast hits the yak.
Your ice beast freezes the yak!
The yak dies!
The yak is attracted toward you. x3; Something is attracted toward you.
Your Polearms skill increases to level 7!
The yak gores your ice beast.
Your ice beast hits the yak but does no damage.
The yak is attracted toward you. x3; Something is attracted toward you.
Your scorpion barely misses the yak.
Your scorpion stings the yak.
The yak gores your ice beast. The yak is attracted toward you. x2
The yak attacks as you move away! The yak completely misses you.
Your scorpion stings the yak.
Your scorpion stings the yak!
The yak barely misses your scorpion. The yak is attracted toward you.
Your scorpion stings the yak.
The yak gores your ice beast!
Your ice beast dies!
Your ice beast dissolves into shadows!
The yak gores you!
You die...

### ..# ###### #.# .....###
#.######### ........ #
#.#.......# .###.####.#
#.#.......#
........#.#####.#.......#
#####
####............@.......#
##...## .
####.####.####YY.....###.....#
#.# #.# #s.Y............# #
#.####.# #...s...###.....#
#....#.# ##.#§#### ##...##
#####.#.## #.#§# ##.##
#......#.####.#§# #.#
######........#Y# #.# ...
##########Y# #>##


You could see 3 yaks and 2 friendly scorpions.

Vanquished Creatures
  A yak (D:5)
  An ogre (D:4)
  A phantom (D:4)
  2 hounds (D:4)
  2 orc priests
  An orc wizard (D:5)
  7 gnolls
  6 adders
  A white imp (D:5)
  An ufetubus (D:5)
  5 worms
  3 dart slugs
  9 orcs
  8 ball pythons
  7 bats
  8 endoplasms
  2 giant cockroaches (D:1)
  7 goblins
  4 hobgoblins
  5 jackals
  11 kobolds
  5 quokkas
  5 frilled lizards
  3 rats
105 creatures vanquished.

Vanquished Creatures (collateral kills)
  A yak (D:5)
1 creature vanquished.

Grand Total: 106 creatures vanquished

Notes
Turn   | Place    | Note
-------+----------+-------------------------------------------
     0 | D:1      | JosephDoom the Demonspawn Wanderer began the quest for the
                  | Orb.
     0 | D:1      | JosephDoom set off with the following items: a +0 club, a
                  | scroll of teleportation, a +0 ring mail; and the following
                  | spells available to memorise: Freeze, Apportation, Frozen
                  | Ramparts, Gell's Gravitas, Ice Form
     0 | D:1      | Reached XP level 1. HP: 13/13 MP: 2/2
     2 | D:1      | Learned a level 1 spell: Freeze
   406 | D:1      | Reached skill level 1 in Fighting
   407 | D:1      | Discovered your monstrous ancestry.
   407 | D:1      | Gained mutation: You have a small tail. [demonic ancestry]
   407 | D:1      | Reached XP level 2. HP: 11/21 MP: 3/3
  1194 | D:1      | Gained mutation: You regenerate magic rapidly. [demonic
                  | ancestry]
  1194 | D:1      | Reached XP level 3. HP: 28/28 MP: 4/4
  2028 | D:2      | Reached skill level 1 in Polearms
  2028 | D:2      | Gained mutation: When hurt, damage is shared between your
                  | health and your magic reserves. [demonic ancestry]
  2028 | D:2      | Reached XP level 4. HP: 20/35 MP: 5/5
  2442 | D:3      | Reached skill level 2 in Polearms
  2490 | D:3      | Found a faded altar of an unknown god.
  3296 | D:4      | Reached XP level 5. HP: 41/41 MP: 6/6
  3311 | D:4      | Noticed an ogre
  3327 | D:4      | Killed an ogre
  3328 | D:4      | Reached skill level 4 in Polearms
  3427 | D:4      | Reached XP level 6. HP: 46/47 MP: 5/7
  3793 | D:4      | Reached skill level 5 in Polearms
  3950 | D:4      | Found a runed translucent gate.
  3951 | D:4      | Found a runed translucent gate.
  3951 | D:4      | Found a runed translucent gate.
  3957 | D:4      | Noticed skelma's ghost (amateur DsBe)
  4454 | D:5      | Entered Level 5 of the Dungeon
  4739 | D:5      | Reached XP level 7. HP: 52/52 MP: 8/8
  4797 | D:5      | Reached skill level 6 in Polearms
  4821 | D:5      | Noticed a yak
  4821 | D:5      | Noticed a yak
  4821 | D:5      | Noticed a yak
  4821 | D:5      | Noticed a yak
  4821 | D:5      | Noticed a yak
  4832 | D:5      | Noticed a yak
  4833 | D:5      | Found a transporter.
  4843 | D:5      | Killed a yak
  4858 | D:5      | HP: 2/52 [yak (7)]
  4859 | D:5      | Killed a yak
  4860 | D:5      | Reached skill level 7 in Polearms
  4863 | D:5      | Slain by a yak

Illustrated notes

Levels and vault maps discovered:
D:1:      sevenhm_arrival_forest_fort_large_4, layout_rooms
D:2:      layout_loops_cross, kennysheep_cross_bottleneck
D:3:      layout_basic, basic_ecumenical_altar
D:4:      layout_basic, cheibrodos_sewer_entry_bend, gammafunk_ghost_necromancy,
          minmay_misc_feat_doors
D:5:      layout_loops_ring, minmay_temple_entry_from_below_a,
          gammafunk_ghost_abyssal_escape

Skill      XL: |  1  2  3  4  5  6  7 |
---------------+----------------------+-----
Fighting       | 1 2 3 |  3.0
Polearms       | 1 2 4 5 7 |  7.2
Armour         | |  3.6
Dodging        | |  1.0
Spellcasting   | |  1.0
Translocations | |  1.0
Ice Magic      | |  1.9
Invocations    | |  1.2

Action                   |  1- 3 |  4- 6 |  7- 9 || total
-------------------------+-------+-------+-------++-------
Melee: Club              |    84 |       |       ||    84
       Trident           |    57 |   181 |    23 ||   261
       Tailslap          |     9 |    12 |     2 ||    23
       Punch             |     3 |       |       ||     3
  Use: Scroll            |     3 |       |     1 ||     4
       Potion            |       |       |     1 ||     1
Armor: Ring mail         |    60 |       |       ||    60
       Scale mail        |    28 |    55 |     1 ||    84
Dodge: Dodged            |   111 |    64 |    12 ||   187

Table legend: (Time is in decaauts)
 A = Elapsed time spent in this place.
 B = Non-inter-level travel time spent in this place.
 C = Inter-level travel time spent in this place.
 D = Time resting spent in this place.
 E = Time spent auto-exploring this place.
 F = Levels seen in this place.
 G = Mean time per level.
                   A        B        C        D        E       F      G
               +--------+--------+--------+--------+--------+-----+--------+
         Total |   4931 |   4749 |    182 |    924 |   2895 |   5 |  986.2 |
       Dungeon |   4931 |   4749 |    182 |    924 |   2895 |   5 |  986.2 |
               +--------+--------+--------+--------+--------+-----+--------+

Top non-repeatable levels by time:
     D:1: 1485 daAuts
     D:4: 1186 daAuts
     D:2: 953 daAuts
     D:3: 897 daAuts
     D:5: 408 daAuts
